 Dungeon Crawl Stone Soup version 0.25-a0-865-gd392131cc7 (console) character file.

Game seed: 16331255383787347645, levelgen mode: classic

126102 Duffy the Severer (level 17, -2/128 HPs)
             Began as a Formicid Fighter on Apr 30, 2020.
             Was the Champion of Makhleb.
             Slain by a wolf spider (11 damage)
             ... on level 1 of the Spider Nest.
             The game lasted 00:51:23 (32480 turns).

Duffy the Severer (Formicid Fighter)               Turns: 32480, Time: 00:51:24

Health: -2/128     AC: 26    Str: 25    XL:     17   Next: 52%
Magic:  25/25      EV: 12    Int: 15    God:    Makhleb [******]
Gold:   1986       SH:  0    Dex: 14    Spells: 16/16 levels left

rFire    + . .     SeeInvis +   a - +7 war axe of Woto {vamp, Str+4 Dex+4}
rCold    + + .     Gourm    .   Q - +2 kite shield
rNeg     . . .     Faith    .   n - +1 plate armour {MR+}
rPois    .         Spirit   .   (helmet unavailable)
rElec    .         Reflect  +   k - scarf {rC+ rF+}
rCorr    .         Harm     .   s - +0 pair of gloves
MR       ++...                  S - +2 pair of boots
Stlth    ..........             C - +5 amulet of reflection
HPRegen  0.31/turn              y - +4 ring of protection
MPRegen  0.19/turn              Z - ring of protection from cold

@: confused, lethally poisoned (-2 -> -35)
A: permanent stasis, dig shafts and tunnels, four strong arms, antennae 3
a: Dig, Shaft Self, Minor Destruction, Lesser Servant of Makhleb, Major
Destruction, Greater Servant of Makhleb, Renounce Religion


You were on level 1 of the Spider Nest.
You worshipped Makhleb.
Makhleb was exalted by your worship.
You were hungry.

You visited 5 branches of the dungeon, and saw 25 of its levels.
You also visited: Ossuary and Ice Cave.

You collected 3482 gold pieces.
You spent 1496 gold pieces at shops.

Inventory:

Hand Weapons
 a - the +7 war axe of Woto (weapon) {vamp, Str+4 Dex+4}
   (You bought it in a shop on level 2 of the Orcish Mines)

   It inflicts no extra harm, but heals its wielder when it wounds a living foe.
   It affects your strength (+4).
   It affects your dexterity (+4).
 b - the +8 whip "Snakebite" {curare, rPois}
   (You found it on level 1 of the Lair of Beasts)

   It poisons the flesh of those it strikes.
   It protects you from poison.
 h - a +7 battleaxe of freezing
Missiles
 p - 17 javelins
 u - 73 boomerangs
 G - 5 silver javelins
 H - 6 atropa-tipped darts
 I - 5 datura-tipped darts
 J - 31 poisoned darts (quivered)
 M - 5 curare-tipped darts
Armour
 k - a scarf of resistance (worn)
 n - a +1 plate armour of magic resistance (worn)
 s - a +0 pair of gloves (worn)
 Q - a +2 kite shield (worn)
 S - a +2 pair of boots (worn)
Jewellery
 y - a +4 ring of protection (left hand)
 C - a +5 amulet of reflection (around neck)
 P - an uncursed ring of fire
 Z - a ring of protection from cold (right hand)
Wands
 q - a wand of acid (4)
 r - a wand of paralysis (9)
 z - a wand of enslavement (5)
 K - a wand of polymorph (31)
 L - a wand of scattershot (4)
 O - a wand of clouds (4)
 Y - a wand of iceblast (6)
Scrolls
 c - a scroll of brand weapon {unknown}
 e - 3 scrolls of immolation {unknown}
 o - 12 scrolls of remove curse
 t - 5 scrolls of magic mapping
 v - 2 scrolls of enchant armour
 x - 5 scrolls of enchant weapon
 B - a scroll of silence
 D - 3 scrolls of fear
 U - a scroll of fog
 X - a scroll of holy word
Potions
 d - 4 potions of might
 g - 10 potions of curing
 j - 6 potions of flight
 l - 2 potions of resistance
 m - 2 potions of mutation
 w - a potion of invisibility
 A - 7 potions of brilliance
 E - 3 potions of cancellation
 N - 2 potions of ambrosia
 R - 2 potions of heal wounds
Miscellaneous
 i - 2 phantom mirrors
 T - a tin of tremorstones
 W - a lightning rod (4/4)
Comestibles
 f - 31 rations


   Skills:
 - Level 10.0 Fighting
 - Level 16.0 Axes
 - Level 8.0 Throwing
 + Level 13.5 Armour
 - Level 9.2 Dodging
 - Level 12.8 Shields
 + Level 11.4 Invocations
 + Level 9.7 Evocations


You had 16 spell levels left.
You didn't know any spells.
Your spell library contained the following spells:

 Spells                   Type           Power        Failure   Level  Hunger
 Freeze                   Ice            #...         91%         1    ##.....
 Magic Dart               Conj           #...         91%         1    ##.....
 Sandblast                Erth           #.....       91%         1    ##.....
 Shock                    Conj/Air       #...         91%         1    ##.....
 Call Imp                 Summ           #.......     97%         2    ###....
 Ensorcelled Hibernation  Hex/Ice        #.....       97%         2    ###....
 Passwall                 Tmut/Erth      #.......     97%         2    ###....
 Searing Ray              Conj           #.....       97%         2    ###....
 Shroud of Golubria       Chrm/Tloc      #.....       97%         2    ###....
 Slow                     Hex            #.......     97%         2    ###....
 Swiftness                Chrm/Air       #.......     97%         2    ###....
 Confusing Touch          Hex            #.......     100%        3    ####...
 Conjure Flame            Conj/Fire      #.......     100%        3    ####...
 Dazzling Flash           Conj/Hex       #.....       100%        3    ####...
 Gell's Gravitas          Tloc           #.........   100%        3    ####...
 Lesser Beckoning         Tloc           #.........   100%        3    ####...
 Mephitic Cloud           Conj/Pois/Air  #.......     100%        3    ####...
 Stone Arrow              Conj/Erth      #.....       100%        3    ####...
 Teleport Other           Tloc           #.......     100%        3    ####...
 Fulminant Prism          Conj/Hex       #.........   100%        4    #####..
 Ice Form                 Ice/Tmut       #.......     100%        4    #####..
 Iskenderun's Mystic Bla  Conj/Tloc      #.......     100%        4    #####..
 Passage of Golubria      Tloc           N/A          100%        4    #####..
 Petrify                  Tmut/Erth      #.......     100%        4    #####..
 Summon Ice Beast         Ice/Summ       #.......     100%        4    #####..
 Summon Lightning Spire   Summ/Air       #.......     100%        4    #####..
 Iskenderun's Battlesphe  Conj/Chrm      #.......     100%        5    ######.
 Lee's Rapid Deconstruct  Erth           #.........   100%        5    ######.
 Metabolic Englaciation   Hex/Ice        #.........   100%        5    ######.
 Silence                  Hex/Air        #.........   100%        5    ######.
 Yara's Violent Unravell  Hex/Tmut       #.........   100%        5    ######.
 Darkness                 Hex            #.........   100%        6    #######
 Freezing Cloud           Conj/Ice/Air   #.........   100%        6    #######
 Invisibility             Hex            #.......     100%        6    #######
 Ring of Flames           Chrm/Fire      #.........   100%        7    #######
 Blink                    Tloc           Unusable     N/A         2    N/A

Dungeon Overview and Level Annotations

Branches:
Dungeon (15/15)            Temple (1/1) D:7            Lair (6/6) D:9
 Shoals (0/4) Lair:2       Spider (1/4) Lair:4        Slime (0/5) Lair:6
    Orc (2/2) D:12            Elf (0/3) Orc:2        Vaults (0/5) D:13
 Depths (0/5) D:15        Ossuary (visited)           IceCv (visited)

Altars:
Ashenzari
Cheibriados
Dithmenos
Elyvilon
Fedhas
Gozag
Hepliaklqana
Kikubaaqudgha
Makhleb
Nemelex Xobeh
Okawaru
Qazlal
Ru
Sif Muna
Trog
Uskayaw
Vehumet
Wu Jian
Xom
Yredelemnul
Zin
The Shining One
Beogh
Jiyva

Shops:
D:9 *   Orc:2 (([([

Portals:
Trove: D:10 (give +2 storm dragon scales)

Annotations:
Lair:4 exclusions: lava snake and orange crystal statue


Innate Abilities, Weirdness & Mutations

You cannot be hasted, slowed, berserked, paralysed or teleported.
You can dig through walls and to a lower floor.
Your four strong arms can wield two-handed weapons with a shield.
You have a pair of large antennae on your head. (SInv)


Message History

You bump into the rock wall.
You feel very sick. The wolf spider hits you.
The wolf spider closely misses you. The wolf spider completely misses you.
The wolf spider bites you but does no damage.
You bump into the rock wall.
You feel very sick.
The wolf spider hits you but does no damage.
The wolf spider closely misses you.
You slice the wolf spider!!
You feel better.
The wolf spider is severely wounded.
You feel very sick.
The wolf spider hits you but does no damage.
The wolf spider closely misses you.
You're too confused to move!
You feel very sick.
The wolf spider hits you but does no damage.
The wolf spider bites you but does no damage.
The wolf spider hits you!
You die...

...#.##%##.........#
#..^..#...###....##
###s....#.#.......#
##s.#####...#...#
##.##...##.##...##
##......######.....
##s##.......#.......
#s####..#...........
##@# ######.....(...
### #####.....
#..%%.....
##...).... ###
#....##...
#.###.....#....
####..##...###..##
##.#....#..##.####.
#.#.....####^.##...


You could see a wolf spider.

Vanquished Creatures
  Saint Roka (Orc:2)
  Gastronok (Lair:1)
  A frost giant (IceCv)
  An entropy weaver (Spider:1)
  The ghost of Turtleman12345 the Fighter, a journeyman CeFi of the Shining One (D:12)
  A dire elephant (D:15)
  A minotaur (D:12)
  Snorg (D:14)
  Josephine (Lair:6)
  A fire dragon (Lair:6)
  Erolcha (D:9)
  2 catoblepae
  9 vault guards
  6 hydras
  3 centaur warriors
  6 death yaks
  3 two-headed ogres
  3 tengu warriors (D:15)
  2 orc high priests (Orc:2)
  4 skeletal warriors (D:13)
  A swamp dragon (Lair:6)
  An unseen horror (D:12)
  2 wizards (D:11)
  2 lindwurms (Lair:6)
  2 oklob plants (Lair:3)
  A wolf spider zombie (D:15)
  4 orb spiders (Spider:1)
  3 deep elf magi
  4 wolf spiders
  An orc sorcerer (Orc:2)
  An orc knight (Orc:2)
  A manticore (Lair:2)
  8 ugly things
  A salamander (shapeshifter) (D:15)
  A salamander (D:15)
  3 cyclopes
  A moth of wrath (D:8)
  9 elephants
  6 black mambas
  An ice statue (IceCv)
  A gargoyle (D:13)
  2 torpor snails
  11 spiny frogs
  A freezing wraith (D:14)
  2 kobold demonologists (D:12)
  An efreet (D:15)
  9 komodo dragons
  7 rime drakes
  10 trolls
  2 tengu conjurers
  7 jumping spiders (Spider:1)
  A hornet (D:8)
  15 polar bears
  A wolf spider simulacrum (D:13)
  17 slime creatures
  12 blink frogs
  Grinder (D:3)
  9 hippogriffs
  19 dream sheep
  10 redbacks (Spider:1)
  A centaur simulacrum (D:11)
  A shadow (D:13)
  A spriggan (D:8)
  2 fire elementals (D:11)
  4 tarantellas (Spider:1)
  9 wyverns
  A vampire (D:15)
  72 yaks
  5 wraiths (Lair:6)
  A basilisk (shapeshifter) (D:13)
  2 basilisks
  3 hungry ghosts
  Eustachio (D:6)
  3 steam dragons
  Grum (D:11)
  2 wargs (Orc:2)
  5 acid dragons
  18 water moccasins
  11 porcupines
  39 orc warriors
  5 sky beasts
  2 swamp drakes (Lair:6)
  A black bear (D:9)
  2 necrophages
  A phantom (D:12)
  8 ogres
  18 centaurs
  An eye of draining (D:13)
  28 wolves
  9 crocodiles
  7 big kobolds
  An elf zombie (D:7)
  17 bullfrogs
  A gnoll sergeant (D:8)
  2 wyvern skeletons
  5 scorpions
  A troll zombie (D:12)
  5 killer bees (D:11)
  3 howler monkeys
  4 crimson imps
  A centaur zombie (D:10)
  7 hounds
  A quasit (D:8)
  2 bullfrog zombies (D:8)
  29 orc priests
  A human zombie (Ossuary)
  2 jellies
  4 bullfrog skeletons
  22 orc wizards
  9 centaur skeletons
  Jessica (D:3)
  3 iguanas
  Ijyb (D:4)
  A human skeleton (D:7)
  11 worker ants
  Terence (D:3)
  7 ogre zombies (D:12)
  A big kobold zombie (Ossuary)
  A hound skeleton (D:9)
  4 mummies (Ossuary)
  A howler monkey zombie (D:8)
  7 adders
  8 gnolls
  4 shadow imps
  An adder zombie (D:8)
  5 adder skeletons
  5 worms
  2 dart slugs
  4 leopard geckos
  87 orcs
  7 giant cockroaches
  4 goblins
  9 hobgoblins
  13 jackals
  5 quokkas
  A ball python (D:7)
  3 bats
  3 frilled lizards
  A goblin skeleton (D:12)
  5 goblin zombies
  2 hobgoblin skeletons (D:12)
  2 hobgoblin zombies
  A jackal skeleton (D:5)
  22 kobolds
  A kobold zombie (Ossuary)
  A leopard gecko skeleton (D:4)
  7 orc skeletons
  17 orc zombies
  6 rats
  2 fungi (D:9)
  2 plants (Lair:3)
890 creatures vanquished.

Vanquished Creatures (collateral kills)
  Rupert (Lair:6)
  A death yak (Lair:4)
  A hippogriff (Lair:4)
  A wolf (Lair:4)
4 creatures vanquished.

Vanquished Creatures (others)
  2 polar bears (IceCv)
  3 yaks (IceCv)
  An orc warrior (Orc:2)
  4 wolves (IceCv)
  A centaur (D:15)
  A kobold (D:12)
  A bush (Lair:5)
  22 fungi
  7 plants
42 creatures vanquished.

Grand Total: 936 creatures vanquished

Notes
Turn   | Place    | Note
-------+----------+-------------------------------------------
     0 | D:1      | Duffy the Formicid Fighter began the quest for the Orb.
     0 | D:1      | Reached XP level 1. HP: 18/18 MP: 1/1
   204 | D:1      | Reached XP level 2. HP: 24/24 MP: 2/2
   760 | D:2      | Noticed an orc warrior
   790 | D:3      | Reached XP level 3. HP: 28/29 MP: 3/3
   806 | D:3      | Reached skill level 3 in Axes
   806 | D:3      | Reached XP level 4. HP: 20/35 MP: 4/4
  1142 | D:3      | Noticed Grinder
  1159 | D:3      | Killed Grinder
  1159 | D:3      | Reached skill level 4 in Axes
  1159 | D:3      | Reached XP level 5. HP: 12/41 MP: 5/5
  1159 | D:3      | Reached XP level 6. HP: 14/47 MP: 6/6
  1450 | D:3      | Noticed Jessica
  1453 | D:3      | Killed Jessica
  1510 | D:3      | Noticed Terence
  1721 | D:3      | Killed Terence
  1860 | D:3      | Reached skill level 5 in Axes
  2190 | D:4      | Reached XP level 7. HP: 52/52 MP: 7/7
  2654 | D:4      | Found an opulent altar of Gozag.
  2873 | D:4      | Noticed Ijyb
  2881 | D:4      | You fall into a shaft and drop 2 floors!
  3068 | D:5      | Entered Level 5 of the Dungeon
  3403 | D:4      | Reached skill level 6 in Axes
  3468 | D:5      | Reached XP level 8. HP: 47/58 MP: 8/8
  4114 | D:4      | Killed Ijyb
  5248 | D:3      | Reached skill level 1 in Evocations
  6517 | D:6      | Found a shimmering altar of Xom.
  6562 | D:6      | Found a shimmering blue altar of Sif Muna.
  6564 | D:6      | Noticed Eustachio
  6617 | D:6      | Killed Eustachio
  6617 | D:6      | Reached skill level 7 in Axes
  6749 | D:6      | Found a sparkling altar of Nemelex Xobeh.
  6750 | D:6      | Found a hazy altar of Hepliaklqana.
  6750 | D:6      | Found a glowing golden altar of the Shining One.
  7344 | D:7      | Reached XP level 9. HP: 64/64 MP: 11/11
  7364 | D:7      | Found a snail-covered altar of Cheibriados.
  7664 | D:7      | Found a sand-covered staircase.
  7674 | Ossuary  | Entered an ossuary
  8291 | D:7      | Reached skill level 8 in Axes
  8530 | D:7      | Found a staircase to the Ecumenical Temple.
  8539 | Temple   | Entered the Ecumenical Temple
  8902 | Temple   | Became a worshipper of Makhleb the Destroyer
  8977 | D:7      | Reached skill level 5 in Evocations
  9204 | D:7      | Reached XP level 10. HP: 70/70 MP: 13/13
  9408 | D:8      | Found the +9 sword of Zonguldrok {reap}
  9418 | D:8      | Reached skill level 5 in Armour
  9680 | D:8      | Found a shattered altar of Ashenzari.
  9831 | D:8      | Found a hide-covered altar of Uskayaw.
  9888 | D:8      | Found a white marble altar of Elyvilon.
 10274 | D:8      | Found a bloodstained altar of Trog.
 10274 | D:8      | Noticed a moth of wrath
 10313 | D:8      | Killed a moth of wrath
 10313 | D:8      | Reached * piety under Makhleb
 10313 | D:8      | Reached XP level 11. HP: 71/77 MP: 14/14
 10814 | D:9      | Found a shadowy altar of Dithmenos.
 11076 | D:9      | Reached skill level 5 in Fighting
 11124 | D:9      | Reached skill level 9 in Axes
 11135 | D:9      | Found a staircase to the Lair.
 11506 | D:9      | Noticed Erolcha
 11509 | D:9      | Killed Erolcha
 11700 | D:9      | Found Ufemo's Assorted Antiques.
 11712 | D:9      | Bought a scroll labeled MUOKUTHRAI RUHE for 19 gold pieces
 11712 | D:9      | Bought a scroll labeled MUPOFU GAOROUT for 19 gold pieces
 11712 | D:9      | Bought a brass ring for 95 gold pieces
 11712 | D:9      | Bought a scroll of identify for 38 gold pieces
 11815 | D:9      | Noticed a two-headed ogre
 11828 | D:9      | Killed a two-headed ogre
 12250 | D:9      | Bought a wand of disintegration (14) for 76 gold pieces
 12309 | D:10     | Entered Level 10 of the Dungeon
 12457 | D:10     | Noticed a vault guard
 12734 | D:9      | Killed a vault guard
 12962 | D:10     | Reached ** piety under Makhleb
 13468 | D:10     | Found a portal to a secret trove of treasure.
 13650 | Lair:1   | Entered Level 1 of the Lair of Beasts
 13770 | D:9      | Reached XP level 12. HP: 91/91 MP: 15/15
 13806 | D:9      | Reached skill level 10 in Axes
 14696 | Lair:1   | Reached skill level 1 in Throwing
 14771 | Lair:1   | Found the +8 whip "Snakebite" {curare, rPois}
 14834 | Lair:1   | Noticed Gastronok
 14868 | Lair:1   | Killed Gastronok
 15606 | Lair:2   | Reached skill level 10 in Armour
 15893 | Lair:2   | Reached *** piety under Makhleb
 15902 | Lair:2   | Reached skill level 5 in Throwing
 15973 | Lair:2   | Found a staircase to the Shoals.
 16012 | Lair:2   | Reached skill level 1 in Invocations
 16015 | Lair:2   | Reached XP level 13. HP: 89/98 MP: 16/16
 16099 | Lair:2   | Noticed a six-headed hydra
 16150 | Lair:2   | Killed a six-headed hydra
 17337 | Lair:4   | Reached skill level 5 in Invocations
 17676 | Lair:4   | Found a hole to the Spider Nest.
 18698 | Lair:5   | Reached **** piety under Makhleb
 19161 | Lair:5   | Reached XP level 14. HP: 105/105 MP: 19/19
 19857 | Lair:6   | Entered Level 6 of the Lair of Beasts
 20361 | Lair:6   | Reached skill level 10 in Invocations
 20632 | Lair:6   | Reached ***** piety under Makhleb
 21018 | Lair:6   | Noticed Josephine
 21062 | Lair:6   | Killed Josephine
 21334 | Lair:6   | Reached skill level 11 in Axes
 21382 | Lair:6   | Noticed Rupert
 21402 | Lair:6   | Killed Rupert
 21402 | Lair:6   | Reached XP level 15. HP: 60/115 MP: 22/22
 21644 | Lair:6   | Reached skill level 10 in Fighting
 21891 | Lair:6   | Found a viscous altar of Jiyva.
 21892 | Lair:6   | Found a staircase to the Slime Pits.
 22783 | D:11     | Found a frozen archway.
 22813 | IceCv    | Entered an ice cave
 22841 | IceCv    | Reached skill level 12 in Axes
 23722 | IceCv    | Noticed a frost giant
 23733 | IceCv    | Killed a frost giant
 23762 | IceCv    | Got a scintillating steel ring
 23764 | IceCv    | Identified the ring of Internal Strife {Ice Dex+3} (You
                  | found it in an ice cave)
 24243 | D:11     | Noticed Grum
 24257 | D:11     | Killed Grum
 24289 | D:11     | Identified a scroll of acquirement
 24888 | D:11     | Identified the Grimoire of Freezing Boosts
 24890 | D:11     | Identified Uramem's Tome of Flying Boosts
 24945 | D:12     | Reached skill level 13 in Axes
 25015 | D:12     | Reached ****** piety under Makhleb
 25022 | D:12     | Found a staircase to the Orcish Mines.
 25070 | Orc:1    | Entered Level 1 of the Orcish Mines
 25118 | Orc:1    | You fall into a shaft and drop 1 floor!
 25118 | Orc:2    | Entered Level 2 of the Orcish Mines
 25171 | Orc:2    | Found Noipt's Antique Armour Emporium.
 25173 | Orc:2    | Found a roughly hewn altar of Beogh.
 25173 | Orc:2    | Found Udugun's Weapon Shoppe.
 25461 | Orc:2    | Found a roughly hewn altar of Beogh.
 25470 | Orc:2    | Found a roughly hewn altar of Beogh.
 25505 | Orc:2    | Found a staircase to the Elven Halls.
 25715 | Orc:1    | Found a roughly hewn altar of Beogh.
 25856 | Orc:2    | Found a roughly hewn altar of Beogh.
 25856 | Orc:2    | Found Pomu's Weapon Boutique.
 26048 | Orc:2    | Found a roughly hewn altar of Beogh.
 26133 | Orc:2    | Reached XP level 16. HP: 122/122 MP: 23/23
 26591 | Orc:2    | Noticed Saint Roka
 26628 | Orc:2    | Killed Saint Roka
 26683 | Orc:2    | Found Jeumefat's Antique Weapon Shop.
 26688 | Orc:2    | Found a roughly hewn altar of Beogh.
 26692 | Orc:2    | Found Sokkolau's Antique Armour Boutique.
 26819 | Orc:2    | Bought a runed kite shield for 210 gold pieces
 27258 | D:12     | Reached skill level 14 in Axes
 28085 | D:13     | Found a runed translucent gate.
 28085 | D:13     | Found a runed translucent gate.
 28085 | D:13     | Found a runed translucent gate.
 28090 | D:13     | Noticed Turtleman12345's ghost (journeyman CeFi)
 28154 | D:12     | Killed Turtleman12345's ghost
 28358 | D:13     | Found a gate to the Vaults.
 28391 | D:13     | Reached skill level 15 in Axes
 28662 | Orc:2    | Bought the +7 war axe of Woto {vamp, Str+4 Dex+4} for 1039
                  | gold pieces
 29118 | D:13     | Got a scorched great mace
 29119 | D:13     | Identified the +7 great mace of Misery {venom, +Fly} (You
                  | found it on level 13 of the Dungeon)
 29433 | D:14     | Noticed Snorg
 29451 | D:14     | Killed Snorg
 29973 | D:14     | Reached skill level 16 in Axes
 30395 | D:15     | Entered Level 15 of the Dungeon
 30518 | D:15     | Reached XP level 17. HP: 128/128 MP: 24/24
 30631 | D:15     | Found a burning altar of Makhleb.
 31318 | D:15     | Found a staircase to the Depths.
 31948 | Spider:1 | Entered Level 1 of the Spider Nest
 32480 | Spider:1 | Slain by a wolf spider

Levels and vault maps discovered:
D:1:      lemuel_arrival_room, layout_rooms
D:2:      layout_rooms, serial_corexii_hall, chequers_hall_statues_wall_a,
          corexii_hall_statues_t, corexii_hall_statues_x
D:3:      layout_loops_ring, first_ration, uniq_grinder, uniq_jessica,
          uniq_terence
D:4:      layout_cave_pools, nicolae_gozag_seed_capital, serial_column_ruins,
          column_ruins_hut, column_ruins_courtyard_long,
          column_ruins_open_small, column_ruins_grid_2,
          column_ruins_open_small_water, column_ruins_open_small,
          column_ruins_columns_straight, uniq_ijyb
D:5:      layout_loops_ring
D:6:      layout_loops_ring, lemuel_round_altar, kennysheep_mini,
          gammafunk_temple_overflow_forgotten, dk_noncrumbling_3,
          minmay_tree_intersection, serial_bayou_crossing, uniq_eustachio
D:7:      layout_basic, lemuel_crystal_altar, minmay_temple_entry_wispy,
          nicolae_ossuary_entry_catacombs, serial_rivers,
          chequers_serial_rivers_marsh, chequers_serial_rivers_micro_c,
          chequers_serial_rivers_room_a, chequers_serial_rivers_micro_e
D:8:      layout_basic, overflow_temple_1_default, elyvilon_altar_3, tgw_trog,
          the_bakery, nicolae_ashenzari_panopticon
D:9:      layout_basic, due_lair_maze_entry_diamond, serial_shops,
          nicolae_shop_statue_plus, nicolae_dithmenos_shadow_blocks,
          uniq_erolcha
D:10:     layout_long_grid, enter_trove_5, nrook_mini_vaults
D:11:     cheibrodos_lost_city_excavation, layout_layer_cave,
          portal_ice_cave_entry_pillars_1, uniq_grum
D:12:     layout_irregular_city, zombieorc2_lemuel
D:13:     minmay_wavy_crystal, layout_gridville, erik_vaults_2,
          maelrawn_ghost_gauntlet_escape
D:14:     layout_gridville, hangedman_decor_slide_cut, uniq_snorg
D:15:     hangedman_depths_entry_try_elsewhere_first, layout_loops_ring,
          lemuel_statue_altar
Temple:   minmay_temple_forest_path
Lair:1:   minmay_guarded_unrand_snakebite, layout_long_grid,
          grunt_forest_stairs_basic, uniq_gastronok
Lair:2:   layout_regular_city, minmay_shoals_entry_beasts
Lair:3:   layout_misc_corridors, minmay_lair_oklob_chamber,
          infiniplex_staircase_pool_2
Lair:4:   layout_loops_ring, nicolae_spider_entry_non_spiders, disabler_island
Lair:5:   layout_cave_pods, grunt_megastairs_3
Lair:6:   hangedman_lair_in_review, layout_regular_city,
          guppyfry_lair_end_dragon, dpeg_slime_entry_enclosed_altar,
          uniq_josephine, uniq_rupert
Spider:1: layout_spider_delve
Orc:1:    layout_diamond_mine, basic_altar
Orc:2:    grunt_orc_community_town_hall, layout_diamond_mine,
          grunt_orc_community_big_house_1, grunt_orc_community_big_house_1,
          grunt_orc_community_house_2, grunt_orc_community_house_1,
          grunt_orc_community_house_3, grunt_orc_community_house_1,
          serial_shops, shop

Skill      XL: |  1  2  3  4  5  6  7  8  9 10 11 12 13 14 15 16 17 |
---------------+----------------------------------------------------+-----
Shields        | 4 6 7 9 12 | 12.8
Axes           | 3 4 5 6 7 8 9 10 11 13 16 | 16.0
Evocations     | 3 5 8 9 |  9.7
Armour         | 4 5 8 10 12 13 | 13.5
Dodging        | 7 9 |  9.2
Fighting       | 4 7 8 9 10 | 10.0
Throwing       | 6 8 |  8.0
Invocations    | 1 7 10 11 | 11.4

Action                   |  1- 3 |  4- 6 |  7- 9 | 10-12 | 13-15 | 16-18 || total
-------------------------+-------+-------+-------+-------+-------+-------++-------
Melee: War axe           |    78 |    99 |   407 |   409 |       |   567 ||  1560
       Unarmed           |       |       |    11 |       |       |       ||    11
       Battleaxe         |       |       |       |   254 |   298 |   310 ||   862
       Whip              |       |       |       |   116 |  1267 |       ||  1383
Throw: Javelin           |       |       |     2 |       |       |       ||     2
       Dart              |       |       |     2 |    26 |    32 |       ||    60
Invok: Lesser Servant of |       |       |       |       |    10 |       ||    10
 Abil: Dig               |     1 |     4 |     9 |    20 |    43 |    17 ||    94
       Shaft Self        |       |       |     1 |       |       |       ||     1
Evoke: Wand              |       |       |    19 |    36 |    21 |     3 ||    79
       Tin of tremorston |       |       |       |       |     1 |       ||     1
       Lightning rod     |       |       |       |       |    10 |     3 ||    13
  Use: Scroll            |     3 |       |    12 |     2 |     8 |     8 ||    33
       Potion            |       |       |     1 |       |       |     1 ||     2
 Stab: Paralysed         |       |       |       |       |     1 |       ||     1
       Distracted        |       |       |       |       |       |     1 ||     1
  Eat: Chunk             |       |     5 |    17 |    22 |    33 |    20 ||    97
       Ration            |       |       |     2 |     2 |     3 |     1 ||     8
Armor: Scale mail        |    41 |    21 |     5 |       |       |       ||    67
       Chain mail        |       |       |    61 |       |       |       ||    61
       Plate armour      |       |       |    65 |   335 |   394 |   281 ||  1075
       Leather armour    |       |       |       |       |    26 |       ||    26
Dodge: Dodged            |    19 |    25 |    73 |   217 |   340 |   206 ||   880
Block: Kite shield       |    45 |    64 |   205 |   523 |   898 |   653 ||  2388
       Reflection        |       |       |       |       |    14 |    36 ||    50

Table legend:
 A = Non-vault XP
 B = Vault XP
 C = Vault XP percentage of total XP
 D = Non-vault monster count
 E = Vault monster count
 F = Vault count percentage of total count
                 A         B        C        D         E       F
            +---------+---------+-------+---------+---------+-------
      Total |  105067 |   72177 |  40.7 |     603 |     292 |  32.6
            +---------+---------+-------+---------+---------+-------
        D:1 |      20 |       0 |   0.0 |      12 |       0 |   0.0
        D:2 |      50 |       0 |   0.0 |       7 |       0 |   0.0
        D:3 |     461 |     336 |  42.2 |      40 |       3 |   7.0
        D:4 |     192 |      78 |  28.9 |      12 |       2 |  14.3
        D:5 |     245 |       0 |   0.0 |      15 |       0 |   0.0
        D:6 |     277 |     185 |  40.0 |       5 |       1 |  16.7
        D:7 |     835 |     131 |  13.6 |      26 |       6 |  18.8
        D:8 |    1650 |     748 |  31.2 |      35 |       7 |  16.7
        D:9 |    3231 |    3141 |  49.3 |      29 |      12 |  29.3
       D:10 |    1617 |       0 |   0.0 |      27 |       0 |   0.0
       D:11 |    5192 |    3508 |  40.3 |      43 |      11 |  20.4
       D:12 |    6393 |    3375 |  34.6 |      33 |      39 |  54.2
       D:13 |    5107 |   10650 |  67.6 |      18 |      15 |  45.5
       D:14 |    9098 |    1112 |  10.9 |      27 |       1 |   3.6
       D:15 |   16093 |    2642 |  14.1 |      52 |       4 |   7.1
     Lair:1 |    2882 |    3700 |  56.2 |      13 |      11 |  45.8
     Lair:2 |    4675 |     784 |  14.4 |      17 |       2 |  10.5
     Lair:3 |    1384 |    1190 |  46.2 |       6 |       2 |  25.0
     Lair:4 |   12420 |     796 |   6.0 |      46 |      10 |  17.9
     Lair:5 |    8499 |     970 |  10.2 |      35 |       1 |   2.8
     Lair:6 |   11438 |   16896 |  59.6 |      34 |      40 |  54.1
   Spider:1 |    9984 |       0 |   0.0 |      28 |       0 |   0.0
      Orc:1 |    1538 |       0 |   0.0 |      19 |       0 |   0.0
      Orc:2 |    1786 |   11402 |  86.5 |      24 |      66 |  73.3
    Ossuary |       0 |     147 | 100.0 |       0 |      12 | 100.0
      IceCv |       0 |   10386 | 100.0 |       0 |      47 | 100.0
            +---------+---------+-------+---------+---------+-------
